Map: Frost LE

Players

uThermal - Winner!

  • Race: Terran Terran

Snute

  • Race: Zerg Zerg

Event: IEM Season 11 - Shanghai

VOD

https://www.youtube.com/watch?v=2VrBFElGnuk

Description

Time

  • Played on: July 28, 2016, 6:19 a.m.
  • Length: 17:38

All games in this series

Show
View Real Time Build Order
Export as new Build Order

uThermal Terran - Winner!

Build Orders: Reaper Expand, Bio Tank 

Get SALT Encoding   

  12  0:02  SCV  
  13  0:14  SCV  
  14  0:17  Supply Depot  
  14  0:26  SCV  
  15  0:38  SCV  
  15  0:41  Barracks  
  16  0:44  Refinery  
  16  0:50  SCV  
  17  1:03  SCV  
  18  1:15  SCV  
  19  1:28  Reaper, Orbital Command  
  20  1:41  Command Center  
  20  1:53  Barracks  
  20  1:55  SCV  
  21  2:01  Barracks Reactor  
  21  2:07  SCV  
  22  2:09  Supply Depot  
  22  2:15  Refinery  
  22  2:19  SCV  
  23  2:25  Factory  
  23  2:31  SCV  
  24  2:38  Marine x2  
  24  2:41  Barracks Tech Lab  
  24  2:43  SCV  
  27  2:53  Orbital Command  
  27  2:55  SCV  
  28  3:01  Marine x2, Stimpack  
  28  3:05  Marine  
  31  3:07  SCV  
  32  3:16  Starport  
  32  3:19  SCV  
  33  3:20  SCV  
  33  3:22  Factory Reactor  
  33  3:24  Marine  
  33  3:27  Marine  
  35  3:29  Marine  
  37  3:35  Supply Depot  
  37  3:36  SCV x2  
  39  3:42  Marine  
  39  3:44  Marine  
  39  3:47  Marine  
  39  3:48  SCV  
  43  3:52  SCV  
  44  3:57  Supply Depot  
  44  4:00  SCV  
  45  4:04  Medivac x2  
  45  4:05  Marine x3  
  45  4:08  Factory Tech Lab  
  52  4:11  Refinery  
  52  4:13  SCV  
  52  4:15  SCV  
  54  4:20  Supply Depot  
  54  4:22  Supply Depot  
  54  4:25  Supply Depot  
  54  4:27  SCV x2  
  54  4:30  Marine  
  57  4:31  Marine  
  58  4:39  SCV  
  58  4:40  SCV  
  58  4:44  Siege Tank  
  62  4:51  Marine x3, SCV  
  66  4:55  SCV  
  67  5:02  Combat Shields  
  67  5:04  SCV  
  68  5:07  SCV  
  68  5:09  Marine x3  
  72  5:16  SCV  
  72  5:19  SCV  
  74  5:27  Marine x2  
  74  5:28  SCV  
  70  5:30  Siege Tank  
  70  5:31  SCV  
  74  5:36  Command Center  
  74  5:38  Supply Depot  
  74  5:39  Marine  
  74  5:40  SCV  
  76  5:43  SCV  
  76  5:44  Engineering Bay x2  
  76  5:46  Refinery  
  76  5:47  Supply Depot, Marine  
  76  5:48  Marine  
  79  5:52  SCV  
  79  5:54  Supply Depot  
  79  5:55  SCV  
  81  5:57  Marine  
  81  6:00  Medivac  
  81  6:02  Medivac  
  86  6:04  Marine, SCV  
  86  6:06  Marine  
  86  6:08  Supply Depot  
  89  6:15  Barracks  
  89  6:16  Marine, SCV  
  91  6:21  Siege Tank  
  91  6:22  Marine  
  91  6:24  Marine  
  96  6:29  Terran Infantry Weapons Level 1  
  96  6:30  Terran Infantry Armor Level 1  
  96  6:32  SCV x2  
  98  6:34  Marine  
  98  6:37  Supply Depot  
  99  6:40  Marine  
  99  6:42  Marine  
  99  6:44  Supply Depot, SCV  
  99  6:46  SCV  
  103  6:52  Marine  
  105  6:56  SCV  
  105  6:59  Marine x2, SCV  
  105  7:01  Orbital Command  
  83  7:03  Barracks Reactor  
  83  7:06  Siege Tank  
  83  7:08  Barracks x2, SCV  
  82  7:11  SCV  
  82  7:14  Marine  
  85  7:19  Marine  
  85  7:21  SCV  
  85  7:22  Marine  
  88  7:23  SCV  
  89  7:32  Marine  
  89  7:33  Medivac, SCV  
  89  7:34  Medivac, Armory  
  89  7:35  SCV  
  89  7:37  Marine  
  95  7:38  Siege Tank, Orbital Command  
  95  7:40  Marine x3  
  102  7:45  SCV  
  102  7:48  SCV  
  102  7:49  Marine  
  105  7:54  Marine  
  105  7:57  SCV  
  105  7:58  Marine x2  
  107  8:00  Factory  
  107  8:01  Barracks Reactor  
  107  8:03  Bunker  
  107  8:06  SCV  
  107  8:07  Marine  
  107  8:08  Marine  
  107  8:10  Barracks Reactor  
  107  8:11  Supply Depot  
  107  8:12  Supply Depot, Siege Tank  
  112  8:13  SCV  
  112  8:14  Supply Depot  
  112  8:16  Marine  
  112  8:17  Marine  
  112  8:19  Marine  
  116  8:20  Refinery x2  
  116  8:22  Medivac  
  116  8:26  Terran Infantry Weapons Level 2  
  118  8:29  Terran Infantry Armor Level 2  
  118  8:30  Marine  
  118  8:31  Marine  
  120  8:37  Marine x2  
  120  8:40  Marine x3  
  123  8:42  Medivac  
  123  8:45  Factory Tech Lab  
  123  8:46  Marine  
  123  8:47  Marine  
  127  8:48  Marine  
  127  8:49  Marine  
  127  8:52  Medivac  
  127  8:55  Marine  
  131  8:56  Barracks, Siege Tank  
  131  8:58  Barracks, Marine  
  131  8:59  Supply Depot, Marine  
  131  9:00  Marine  
  131  9:01  Marine  
  138  9:04  Marine  
  138  9:05  Marine  
  138  9:06  Marine  
  138  9:07  Marine  
  142  9:12  Siege Tank  
  142  9:13  Marine  
  142  9:16  Marine  
  147  9:18  Marine x2  
  147  9:19  Marine  
  147  9:23  Supply Depot x2  
  150  9:24  Terran Vehicle Weapons Level 1  
  150  9:26  Marine  
  150  9:27  Marauder  
  150  9:28  Marine  
  153  9:32  Siege Tank  
  153  9:34  Marine x2  
  158  9:39  Medivac x2  
  158  9:45  Barracks Tech Lab x2, Marine  
  162  9:47  Marine x2  
  162  9:48  Marauder  
  162  9:49  Marine x2  
  162  9:52  Marine x2  
  171  9:56  Siege Tank  
  174  10:05  Siege Tank  
  175  10:09  Marauder  
  175  10:12  Marine  
  175  10:13  Medivac, Marauder  
  179  10:15  Marine, Marauder  
  179  10:17  Marine  
  183  10:23  Marine  
  183  10:24  Marine  
  183  10:27  Command Center  
  183  10:28  Marine  
  182  10:31  Marauder  
  182  10:34  Siege Tank  
  187  10:45  Terran Infantry Weapons Level 3  
  187  10:46  Terran Infantry Armor Level 3  
  186  10:59  Siege Tank  
  186  11:01  Medivac  
  191  11:12  Medivac  
  175  11:23  Marine x2  
  175  11:24  Marine, Marauder x2  
  175  11:25  Marine, Marauder  
  155  11:26  Marine  
  155  11:31  Medivac  
  155  11:32  Marine x2  
  159  11:34  Siege Tank  
  162  11:40  Marine  
  162  11:41  Marine  
  162  11:43  Siege Tank  
  162  11:45  Marauder x2  
  162  11:46  Marauder  
  173  11:52  Marine  
  173  11:54  Medivac  
  142  11:56  Marine x2  
  124  12:01  Marine  
  124  12:06  Concussive Shells, Marauder x2  
  124  12:07  Planetary Fortress  
  124  12:08  Marauder  
  131  12:12  Siege Tank  
  131  12:15  Siege Tank  
  137  12:17  Marine x2  
  137  12:19  Marine  
  137  12:20  Marine  
  141  12:28  Supply Depot, Marauder x2  
  141  12:29  Marine  
  146  12:30  Marine  
  146  12:32  Supply Depot  
  146  12:33  Medivac  
  146  12:35  Medivac  
  151  12:38  Marine x2  
  151  12:45  Siege Tank  
  151  12:47  Missile Turret  
  151  12:48  Missile Turret  
  153  12:52  Missile Turret, Marine  
  153  12:53  Marine  
  149  12:59  Marine  
  149  13:02  Marine  
  149  13:03  Medivac, Marauder  
  156  13:05  Siege Tank  
  156  13:10  Marine x2  
  156  13:11  Marauder  
  156  13:12  Marine  
  160  13:17  Siege Tank  
  161  13:20  Marine  
  161  13:21  Marauder  
  161  13:26  Missile Turret, Marine  
  165  13:27  Marauder  
  165  13:35  Medivac x2  
  165  13:39  Marine, Marauder  
  172  13:44  Siege Tank  
  172  13:45  Marine x2  
  175  13:52  Marine, Marauder  
  175  13:55  Siege Tank  
  173  13:56  Marine x2  
  173  14:00  Marine x2  
  177  14:03  Marine x2  
  179  14:15  Marine  
  179  14:17  Siege Tank  
  179  14:27  Siege Tank  
  176  14:37  Marine  
  176  14:38  Marauder  
  156  14:39  Marine, Marauder  
  156  14:42  Marauder  
  156  14:45  Marine  
  157  14:46  Marine  
  157  14:47  Marine  
  157  14:49  Siege Tank  
  157  14:51  Marine  
  163  14:58  Refinery  
  163  14:59  Starport, Marauder, Siege Tank, Orbital Command  
  165  15:00  Refinery  
  165  15:01  Viking, Marauder  
  165  15:04  Marauder  
  165  15:05  Viking  
  173  15:20  Marine x2  
  173  15:21  Marauder  
  168  15:29  Missile Turret  
  168  15:32  Viking  
  163  15:37  Viking  
  163  15:38  Marine, Marauder  
  152  15:52  Viking, Marine x2  
  152  15:53  Marauder  
  158  15:59  Marine x2  
  158  16:01  Siege Tank  
  158  16:02  Viking  
  163  16:09  Medivac  
  163  16:10  Marine  
  166  16:17  Marine x2  
  166  16:18  Marauder  
  170  16:19  Refinery  
  170  16:24  Marine  
  170  16:25  Marine  
  172  16:28  Marine, Marauder  
  172  16:32  Command Center  
  172  16:34  Marine, Marauder  
  172  16:35  Marine  
  172  16:38  Marine  
  172  16:39  Marine, Marauder  
  180  16:42  Siege Tank  
  179  16:50  Marine, Marauder  
  179  16:53  Marine, Siege Tank  
  179  16:54  Marine x2  
  178  16:59  Viking  
  182  17:07  Viking  
  184  17:18  Marine x3  
  194  17:23  Missile Turret  
  194  17:24  Missile Turret  
Show
View Real Time Build Order
Export as new Build Order

Snute Zerg 

Build Orders: Hatch First 

Get SALT Encoding   

  12  0:00  Drone  
  13  0:12  Overlord  
  13  0:16  Drone  
  14  0:30  Drone x2  
  14  0:34  Drone  
  17  0:52  Hatchery  
  17  0:54  Drone  
  17  0:58  Drone  
  17  1:02  Extractor  
  17  1:13  Spawning Pool  
  17  1:17  Drone  
  17  1:20  Drone  
  18  1:28  Drone  
  19  1:38  Overlord  
  19  2:00  Queen, Zergling x4  
  23  2:02  Metabolic Boost  
  23  2:04  Queen  
  25  2:10  Overlord  
  25  2:13  Drone  
  26  2:21  Drone  
  27  2:28  Drone  
  27  2:29  Drone  
  29  2:32  Drone  
  29  2:36  Queen  
  30  2:40  Drone  
  33  2:46  Drone  
  33  2:47  Drone  
  35  2:51  Pneumatized Carapace  
  35  2:54  Drone  
  35  2:58  Drone  
  37  3:05  Overlord  
  37  3:08  Drone x3  
  37  3:12  Zergling x2  
  41  3:17  Drone, Overlord  
  42  3:20  Queen  
  42  3:23  Drone  
  45  3:28  Drone x3  
  48  3:40  Hatchery  
  47  3:44  Queen  
  49  3:57  Queen  
  49  4:02  Zergling x14  
  58  4:09  Evolution Chamber  
  57  4:17  Overlord  
  57  4:20  Queen  
  57  4:24  Evolution Chamber  
  58  4:25  Drone x2  
  58  4:26  Overlord  
  60  4:35  Queen  
  60  4:37  Zerg Ground Armor Level 1  
  62  4:50  Drone x3  
  62  4:51  Queen  
  67  4:54  Zergling x2  
  67  4:55  Queen, Zergling x2  
  67  4:59  Zergling x4  
  73  5:04  Zergling x6  
  76  5:09  Spore Crawler  
  76  5:11  Queen  
  74  5:22  Zergling x18  
  74  5:25  Drone  
  74  5:27  Drone  
  77  5:30  Drone  
  77  5:33  Zerg Missile Weapons Level 1  
  78  5:36  Zergling x4  
  78  5:37  Zergling x2  
  81  5:45  Drone, Lair  
  81  5:48  Overlord  
  82  5:53  Extractor  
  82  5:54  Drone  
  82  5:56  Roach Warren  
  81  5:58  Drone  
  81  6:00  Overlord x2  
  82  6:06  Overlord  
  81  6:18  Queen  
  83  6:19  Drone x3  
  83  6:20  Drone  
  83  6:21  Drone x4  
  83  6:22  Drone, Zergling x2  
  83  6:23  Zergling x2  
  94  6:28  Zergling x6  
  97  6:33  Drone x2  
  97  6:34  Drone  
  97  6:35  Zergling x2  
  97  6:36  Zergling x2  
  102  6:44  Zerg Ground Armor Level 2  
  102  6:45  Drone x3  
  103  7:00  Drone  
  103  7:01  Drone x7  
  100  7:04  Drone x3  
  100  7:07  Glial Reconstitution  
  103  7:08  Extractor  
  103  7:10  Extractor x3  
  103  7:11  Drone x2  
  103  7:13  Drone  
  103  7:14  Drone  
  103  7:15  Drone  
  104  7:17  Drone  
  104  7:20  Overlord  
  103  7:22  Overlord  
  103  7:23  Hatchery  
  103  7:25  Overlord  
  102  7:30  Infestation Pit  
  101  7:38  Zergling x2  
  101  7:39  Zergling x8  
  105  7:53  Roach x4  
  105  7:56  Overlord  
  113  8:00  Roach  
  113  8:05  Zerg Missile Weapons Level 2, Roach x4, Spore Crawler x2  
  122  8:08  Overlord x3  
  121  8:24  Roach  
  121  8:25  Roach x4  
  129  8:32  Queen x3, Ravager x3, Overlord  
  138  8:38  Roach  
  138  8:39  Roach x4  
  147  8:46  Drone x2  
  149  8:51  Drone x2  
  151  8:58  Drone x2  
  153  9:06  Extractor, Infestor x3  
  153  9:07  Extractor  
  153  9:08  Queen  
  159  9:20  Roach x8  
  159  9:23  Overlord x3  
  175  9:28  Overlord  
  175  9:29  Overlord  
  174  9:38  Overlord x3  
  174  9:39  Spore Crawler  
  174  9:41  Hive  
  174  9:42  Roach x4  
  174  9:43  Roach x2  
  174  9:44  Ravager x2, Spore Crawler  
  174  9:45  Ravager  
  187  9:57  Ravager x4  
  191  10:06  Roach  
  200  10:07  Roach x4  
  200  10:28  Overlord  
  199  10:37  Tunneling Claws  
  199  10:38  Burrow  
  196  10:52  Ravager x3  
  172  11:23  Roach x20  
  172  11:24  Roach x6  
  160  11:26  Roach x6  
  160  11:27  Roach x11  
  160  11:31  Roach  
  160  11:32  Roach  
  170  11:34  Roach  
  134  11:57  Infestor x3  
  134  11:58  Infestor  
  134  11:59  Infestor  
  134  12:01  Drone x6  
  141  12:03  Ravager  
  141  12:04  Ravager  
  144  12:10  Extractor  
  144  12:14  Drone x5  
  148  12:19  Roach x3  
  149  12:23  Ravager x4  
  149  12:27  Roach x2  
  149  12:28  Roach  
  158  12:44  Roach x2  
  158  13:00  Roach  
  158  13:01  Roach x10  
  177  13:11  Queen x3  
  176  13:26  Infestor  
  178  13:35  Ravager  
  178  13:36  Ravager x9  
  188  13:44  Roach  
  188  13:46  Roach x4  
  180  13:53  Roach x8  
  188  14:17  Roach x2  
  188  14:18  Roach x4  
  200  14:33  Infestor  
  149  14:40  Roach x8  
  149  14:41  Roach x3  
  149  14:44  Ravager  
  149  14:45  Ravager x6  
  143  14:46  Ravager  
  143  14:51  Infestor  
  146  14:55  Ravager x2  
  148  15:11  Roach x13  
  148  15:12  Roach x7  
  155  15:21  Roach  
  155  15:22  Roach x3  
  163  15:32  Roach  
  163  15:33  Roach x3  
  145  15:39  Roach x3  
  127  15:45  Roach x2  
  117  15:55  Infestor x2  
  121  16:03  Roach x3  
  127  16:10  Ravager x4  
  131  16:12  Ravager x4  
  131  16:14  Ravager x2  
  137  16:22  Roach  
  137  16:23  Roach x2  
  135  16:37  Roach x5  
  140  16:46  Roach  
  142  16:47  Roach x12  
  142  16:53  Infestor  
  144  17:04  Roach x11  
  144  17:05  Roach x6  
  144  17:08  Roach x3  
  146  17:14  Roach  

Tags
 
Add a new tag
Caveats
  • Supply blocks, unpowered buildings, or Contaminate may cause inaccurate times.
  • Supply counts are checked every 10 seconds.